 Dungeon Crawl Stone Soup version 0.28.0-45-g0d030f2227 (webtiles) character file.

Game seed: 5903744488553897066

7 Bruhh the Grave Robber (level 1, -1/13 HPs)
             Began as a Demonspawn Necromancer on Apr 22, 2022.
             Slain by a kobold
             ... wielding a +2 short sword of flaming
              (6 damage)
             ... on level 1 of the Dungeon.
             The game lasted 00:00:40 (241 turns).

Bruhh the Grave Robber (Demonspawn Necromancer)      Turns: 241, Time: 00:00:41

Health: -1/13      AC:  2    Str:  8    XL:     1   Next: 83%
Magic:  0/3        EV: 12    Int: 16    God:
Gold:   0          SH:  0    Dex: 13    Spells: 3/4 levels left

rFire   . . .      SeeInvis .   (no weapon)
rCold   . . .      Faith    .   (no shield)
rNeg    . . .      Spirit   .   a - +0 robe
rPois   .          Reflect  .   (no helmet)
rElec   .          Harm     .   (no cloak)
rCorr   .          Rampage  .   (no gloves)
Will    .....                   (no boots)
Stlth   ++........              (no amulet)
HPRegen 0.04/turn               (no ring)
MPRegen 0.08/turn               (no ring)

@: no status effects
A: no striking features
a: no special abilities


You were on level 1 of the Dungeon.
You visited 1 branch of the dungeon, and saw 1 of its levels.

Inventory:

Armour
 a - a +0 robe (worn)
Jewellery
 b - a +6 ring of intelligence


   Skills:
 - Level 1.7 Dodging
 - Level 1.7 Stealth
 + Level 2.2 Spellcasting
 + Level 4.6 Necromancy


You had 3 spell levels left.
You knew the following spells:

 Your Spells              Type           Power      Damage    Failure   Level
a - Pain                  Necr           64%        1d7       3%          1

Your spell library contained the following spells:

 Spells                   Type           Power      Damage    Failure   Level
 Animate Skeleton         Necr           32%        N/A       3%          1
 Vampiric Draining        Necr           16%        2d7       9%          3
 Blink                    Tloc           2%         N/A       30%         2
 Lesser Beckoning         Tloc           1%         N/A       52%         3
 Animate Dead             Necr           8%         N/A       30%         4
 Agony                    Necr           16%        N/A       63%         5
 Manifold Assault         Tloc           1%         N/A       99%         5


Dungeon Overview and Level Annotations

Branches:
Dungeon (1/15)

Altars:


Message History

The goblin shouts!
The goblin writhes in agony.
You kill the goblin!
You can't see any susceptible monsters within range! (Use Z to cast anyway.)
You can't see any susceptible monsters within range! (Use Z to cast anyway.)
Things that are here:
a +0 club; a goblin corpse A hobgoblin comes into view.
A hobgoblin is nearby!
A hobgoblin is nearby!
A hobgoblin is nearby!
A rat comes into view.
The hobgoblin shouts!
An endoplasm comes into view.
A kobold comes into view.
It is wielding a +2 short sword of flaming.
The kobold shouts!
The hobgoblin closely misses you.
The hobgoblin writhes in agony.
The hobgoblin hits you. The rat barely misses you.
The hobgoblin writhes in agony.
You kill the hobgoblin!
The rat barely misses you.
The endoplasm writhes in agony.
The endoplasm closely misses you. The rat misses you.
You are too depleted to draw on your mana recklessly!
You are too depleted to draw on your mana recklessly!
There is an open door here.
There is an open door here.
The endoplasm writhes in agony!
You kill the endoplasm!
The rat writhes in agony.
The rat bites you.
You are too injured to fight recklessly!
You hit the rat but do no damage.
The rat is heavily wounded.
The rat bites you but does no damage.
You hit the rat.
You kill the rat!
You hit the kobold but do no damage.
The kobold hits you with a +2 short sword of flaming.
You die...

##.#....#### #..#####
#......######## #..#...#
###..(......... #..###.##
#.....####### ###... #>..
#.....# ....###.## #.....#
#######..#<..#. #########'##
#........#####.
...........######.#####........
...........'.K@...##........>..
.......)...#####..##.#.......##
...........##.....#..........#
.......^...##.##.##..#.......#
...........##.##.....#.......#
...........##.#####.##.......#
....................##.......#
...........##.#......##+######
...........##.#.####.#


You could see a kobold.

Vanquished Creatures
  An endoplasm (D:1)
  A goblin (D:1)
  A hobgoblin (D:1)
  A ball python (D:1)
  A bat (D:1)
  A kobold (D:1)
  A rat (D:1)
7 creatures vanquished.

Notes
Turn   | Place    | Note
-------+----------+-------------------------------------------
     0 | D:1      | Bruhh the Demonspawn Necromancer began the quest for the
                  | Orb.
     0 | D:1      | Reached XP level 1. HP: 13/13 MP: 3/3
   241 | D:1      | Slain by a kobold

Illustrated notes

Levels and vault maps discovered:
D:1:      evilmike_arrival_hilbert_curve, layout_basic, minmay_misc_feat_chi

Action                   || total
-------------------------++-------
Melee: Unarmed           ||     3
 Cast: Pain              ||    10
Armor: Robe              ||     1
Dodge: Dodged            ||     5
